 Dungeon Crawl Stone Soup version 0.29-a0-234-g0dae59b3db (webtiles) character file.

Game seed: 6273923196570838359

28 esteth the Sneak (level 3, -7/26 HPs)
             Began as an Octopode Monk on Mar 3, 2022.
             Killed from afar by an orc wizard (10 damage)
             ... with a puff of flame
             ... on level 2 of the Dungeon.
             The game lasted 00:01:50 (1069 turns).

esteth the Sneak (Octopode Monk)                    Turns: 1069, Time: 00:01:50

Health: -7/26      AC:  1    Str: 10    XL:     3   Next: 14%
Magic:  3/3        EV: 14    Int: 12    God:
Gold:   37         SH:  0    Dex: 16    Spells: 2/2 levels left

rFire   . . .      SeeInvis .     - Unarmed
rCold   . . .      Faith    .   (no shield)
rNeg    . . .      Spirit   .   (helmet restricted)
rPois   .          Reflect  .   (no amulet)
rElec   .          Harm     .   (no ring)
rCorr   .          Rampage  .   (no ring)
Will    .....                   (no ring)
Stlth   ++++......              (no ring)
HPRegen 0.08/turn               (no ring)
MPRegen 0.08/turn               (no ring)
                                (no ring)
                                (no ring)

@: no status effects
A: almost no armour, amphibious, 8 rings, camouflage 1, gelatinous body 1,
(nimble swimmer 1), tentacles
a: no special abilities


You were on level 2 of the Dungeon.
You visited 1 branch of the dungeon, and saw 2 of its levels.

You collected 37 gold pieces.


Innate Abilities, Weirdness & Mutations

You cannot wear most types of armour.
You are amphibious.
You can wear up to eight rings at the same time.
Your skin changes colour to match your surroundings (Stealth+).
Your rubbery body absorbs attacks. (AC +1, EV +1)
((You are camouflaged when in or above water. (Stealth+)))
You have tentacles for arms and can constrict up to eight enemies at once.


   Skills:
 - Level 3.0 Fighting
 - Level 3.0 Dodging
 * Level 4.4 Stealth
 + Level 3.4 Unarmed Combat


You had 2 spell levels left.
You didn't know any spells.
Your spell library was empty.

Inventory:

Missiles
 a - 41 stones (quivered)
 g - 2 poisoned darts
Scrolls
 d - 2 scrolls of blinking {unknown}
 e - a scroll of identify {unknown}
 h - a scroll of summoning {unknown}
 j - a scroll of torment {unknown}
Potions
 b - a potion of curing {unknown}
 f - 2 potions of lignification {unknown}
 i - 2 potions of invisibility {unknown}

Dungeon Overview and Level Annotations

Branches:
Dungeon (2/15)

Altars:

####################
...............{@..#
###############l...#
# #..### ##..##
####..# #...#.####
#.#......##
#.....##..# #
###########
####..###.......


You could see a frilled lizard.


Message History

You bump into the rock wall.
You barely miss something. Something hits you.
* * * LOW HITPOINT WARNING * * *
😨 HP[-2]
You take 2 damage, and now have 11/26 hp.
You bump into the rock wall.
Something barely misses you.
You're too confused to move!
You feel less confused. Something hits you.
* * * LOW HITPOINT WARNING * * *
😨 HP[-2]
You take 2 damage, and now have 9/26 hp. 😨 HP[+1]
An orc wizard appears from thin air!
Reactivating autopickup.
The orc wizard gestures at you while chanting.
You are confused.
The orc wizard hits you with a +0 dagger.
* * * LOW HITPOINT WARNING * * *
😨 HP[-3]
You take 3 damage, and now have 7/26 hp.
You bump into the rock wall.
The orc wizard hits you with a +0 dagger.
* * * LOW HITPOINT WARNING * * *
😱 HP[-3]
You take 3 damage, and now have 4/26 hp.
You miss the orc wizard. The orc wizard completely misses you.
You barely miss the orc wizard.
The orc wizard hits you with a +0 dagger.
* * * LOW HITPOINT WARNING * * *
😱 HP[-3]
You take 3 damage, and now have 1/26 hp.
It was a potion of heal wounds.
You feel much better.
The orc wizard closely misses you. 😕 HP[+21]
You regained 21 hp, and now have 22/26 hp.
You bump into the rock wall.
You feel less confused.
The orc wizard mumbles some strange words.
The orc wizard flickers and vanishes!
Deactivating autopickup; reactivate with Ctrl-A.
You closely miss something.
Your tentacle-slap misses something.
Something hits you. 😕 HP[-2]
You take 2 damage, and now have 20/26 hp.
You closely miss something.
Your tentacle-slap misses something.
Your squeeze misses something.
You hear some strange, mumbled words.
You are confused.
You tentacle-slap something. Something hits you. 😮 HP[-2]
You take 2 damage, and now have 18/26 hp.
You're too confused to move!
Something hits you. 😮 HP[-1]
You take 1 damage, and now have 17/26 hp.
You're too confused to move!
You hear some strange, mumbled words.
A puff of flame appears from out of thin air!
The puff of flame misses you.
You completely miss something. Something barely misses you.
You bump into the rock wall.
Something hits you.
The frilled lizard closely misses you. 😮 HP[-1]
You take 1 damage, and now have 16/26 hp.
You closely miss something. Your squeeze misses something. Something hits you.
The frilled lizard closely misses you. 😮 HP[-1]
You take 1 damage, and now have 15/26 hp.
You're too confused to move!
You feel less confused. Something hits you.
The frilled lizard closely misses you. 😮 HP[-1]
You take 1 damage, and now have 14/26 hp.
You barely miss something. Something hits you.
* * * LOW HITPOINT WARNING * * *
😨 HP[-2]
You take 2 damage, and now have 12/26 hp.
You tentacle-slap something. The frilled lizard closely misses you.
You hear some strange, mumbled words.
A magic dart appears from out of thin air!
The magic dart hits you.
* * * LOW HITPOINT WARNING * * *
😨 HP[-5]
You take 5 damage, and now have 7/26 hp.
You miss something. You squeeze something.
The frilled lizard closely misses you.
You miss something. Something hits you.
* * * LOW HITPOINT WARNING * * *
The frilled lizard barely misses you. 😱 HP[-4]
You take 4 damage, and now have 3/26 hp.
You tentacle-slap something but do no damage.
Something barely misses you.
The frilled lizard bites you but does no damage.
You miss something. You squeeze something!
You hear some strange, mumbled words.
A puff of flame appears from out of thin air!
The puff of flame hits you!
You die...

Skill      XL: |  1  2 |
---------------+-------+-----
Stealth        | 3 4 |  4.4
Fighting       | |  3.0
Dodging        | |  3.0
Unarmed Combat | |  3.4

Action                   || total
-------------------------++-------
Melee: Unarmed           ||    65
       Constrict         ||    18
       Tentacles         ||    14
       Punch             ||     1
  Use: Potion            ||     1
 Stab: Sleeping          ||     5
Armor: Skin              ||     4
Dodge: Dodged            ||    38

Levels and vault maps discovered:
D:1:      wheals_arrival_shading, layout_rooms,
          dilly_ecumenical_altar_fadedgnrine
D:2:      layout_rooms, serial_shops, nicolae_shop_hallway_stairs

Notes
Turn   | Place    | Note
-------+----------+-------------------------------------------
     0 | D:1      | esteth the Octopode Monk began the quest for the Orb.
     0 | D:1      | Reached XP level 1. HP: 16/16 MP: 1/1
     0 | D:1      | magus.rc [v1.11.3]
    17 | D:1      | Reached skill level 3 in Stealth
   138 | D:1      | Reached XP level 2. HP: 18/21 MP: 2/2
   533 | D:1      | Found a faded altar of an unknown god.
   674 | D:1      | Reached skill level 4 in Stealth
  1000 | D:2      | Reached XP level 3. HP: 21/26 MP: 3/3
  1048 | D:2      | HP: 4/26 [orc wizard/+0 dagger (3)]
  1051 | D:2      | HP: 1/26 [orc wizard/+0 dagger (3)]
  1067 | D:2      | HP: 3/26 [something (4)]
  1069 | D:2      | Killed from afar by an orc wizard

Vanquished Creatures
  A dart slug (D:1)
  3 orcs (D:2)
  A giant cockroach (D:1)
  A hobgoblin (D:1)
  5 jackals (D:1)
  A quokka (D:1)
  2 ball pythons (D:1)
  A bat (D:1)
  4 frilled lizards (D:1)
  3 kobolds (D:1)
  2 rats (D:1)
24 creatures vanquished.

Table legend:
 A = Non-vault XP
 B = Vault XP
 C = Vault XP percentage of total XP
 D = Non-vault monster count
 E = Vault monster count
 F = Vault count percentage of total count
                 A         B        C        D         E       F
            +---------+---------+-------+---------+---------+-------
      Total |      41 |       0 |   0.0 |      24 |       0 |   0.0
            +---------+---------+-------+---------+---------+-------
        D:1 |      32 |       0 |   0.0 |      21 |       0 |   0.0
        D:2 |       9 |       0 |   0.0 |       3 |       0 |   0.0
            +---------+---------+-------+---------+---------+-------

Illustrated notes

Table legend:
 A = Kills in this place as a percentage of kills in entire the game.
 B = Kills by you in this place as a percentage of kills by you in the entire game.
 C = Kills by friends in this place as a percentage of kills by friends in the entire game.
 D = Other kills in this place as a percentage of other kills in the entire game.
 E = Experience gained in this place as a percentage of experience gained in the entire game.
 F = Experience gained in this place divided by the number of levels of this place that you have seen.
                   A       B       C       D       E      F
               +-------+-------+-------+-------+-------+----------------------
         Total | 100.0 | 100.0 |   N/A |   N/A | 100.0 |  20.5
       Dungeon | 100.0 | 100.0 |   N/A |   N/A | 100.0 |  20.5
               +-------+-------+-------+-------+-------+----------------------

Table legend: (Time is in decaauts)
 A = Elapsed time spent in this place.
 B = Non-inter-level travel time spent in this place.
 C = Inter-level travel time spent in this place.
 D = Time resting spent in this place.
 E = Time spent auto-exploring this place.
 F = Levels seen in this place.
 G = Mean time per level.
                   A        B        C        D        E       F      G
               +--------+--------+--------+--------+--------+-----+--------+
         Total |   1064 |   1011 |     53 |      0 |    802 |   2 |  532.0 |
       Dungeon |   1064 |   1011 |     53 |      0 |    802 |   2 |  532.0 |
               +--------+--------+--------+--------+--------+-----+--------+

Top non-repeatable levels by time:
     D:1: 916 daAuts
     D:2: 148 daAuts
